 Dungeon Sprint DCSS version 0.21.1-1-g345015f (webtiles) character file.

3108 buskinjo2 the Thaumaturge (level 9, -5/76 HPs)
             Began as a Gnoll Skald on Mar 1, 2018.
             Was a Believer of Okawaru.
             Slain by a deep elf knight
             ... wielding a +0 scimitar
              (8 damage)
             ... in the Dungeon (Sprint III: "The Ten Rune Challenge").
             The game lasted 00:14:11 (2409 turns).

buskinjo2 the Thaumaturge (Gnoll Skald)             Turns: 2409, Time: 00:14:12

Health: -5/76      AC:  6    Str: 14    XL:     9   Next: 90%
Magic:  22/22      EV: 21    Int: 19    God:    Okawaru [**....]
Gold:   3985       SH:  0    Dex: 14    Spells: 9/27 levels left

rFire    . . .     SeeInvis .   w - +4 flail
rCold    . . .     Gourm    .   (no shield)
rNeg     . . .     Faith    .   b - +0 leather armour
rPois    .         Spirit   .   (no helmet)
rElec    .         Reflect  .   m - +0 cloak
rCorr    .         Harm     .   (no gloves)
MR       .....     NoTele   +   (no boots)
Stlth    +++++.....             (no amulet)
HPRegen  0.22/turn              (no ring)
MPRegen  0.18/turn              (no ring)

@: heroism
A: distributed training, fangs 1, strong nose
a: Heroism, Renounce Religion


You were in the Dungeon.
You worshipped Okawaru.
Okawaru was pleased with you.
You were not hungry.

You visited 1 branch You collected 4325 gold pieces.
You spent 340 gold pieces at shops.

Inventory:

Hand Weapons
 l - a +4 quarterstaff of chaos
 o - a +2 long sword of holy wrath
 v - a +0 scimitar of flaming
 w - a +4 flail (weapon)
Armour
 b - a +0 leather armour (worn)
 m - a +0 cloak (worn)
Wands
 r - a wand of flame (30)
Scrolls
 a - a scroll of amnesia
 j - a scroll of blinking
 p - a scroll of fear
 s - 2 scrolls of remove curse
 y - 2 scrolls of identify
Potions
 e - 2 potions of curing
 h - 2 potions of magic
 k - 3 potions of mutation
 q - 3 potions of flight
 x - a potion of cancellation
 z - a potion of resistance
Books
 c - a book of Battle

   Spells                             Type                      Level
   a - Infusion                       Charms                       1
   b - Shroud of Golubria             Charms/Translocation         2
   c - Song of Slaying                Charms                       2
   d - Spectral Weapon                Hexes/Charms                 3
   e - Regeneration                   Charms/Necromancy            3
 n - a book of Misfortune

   Spells                             Type                      Level
   a - Confusing Touch                Hexes                        1
   b - Confuse                        Hexes                        3
   c - Gell's Gravitas                Translocation                3
   d - Petrify                        Transmutation/Earth          4
   e - Metabolic Englaciation         Hexes/Ice                    5
   f - Yara's Violent Unravelling     Hexes/Transmutation          5
Miscellaneous
 t - a phial of floods
Comestibles
 d - 4 rations


   Skills:
 + Level 9.3(14.3) Fighting
 + Level 8.1(13.1) Short Blades
 + Level 8.1(13.1) Long Blades
 + Level 8.1(13.1) Axes
 + Level 9.3(14.3) Maces & Flails
 + Level 8.1(13.1) Polearms
 + Level 8.1(13.1) Staves
 + Level 8.1(13.1) Slings
 + Level 8.1(13.1) Bows
 + Level 8.1(13.1) Crossbows
 + Level 8.1(13.1) Throwing
 + Level 8.5(13.5) Armour
 + Level 9.3(14.3) Dodging
 + Level 8.1(13.1) Stealth
 + Level 8.1(13.1) Shields
 + Level 8.1(13.1) Unarmed Combat
 + Level 9.5 Spellcasting
 + Level 6.7 Conjurations
 + Level 6.7 Hexes
 + Level 8.7 Charms
 + Level 6.7 Summonings
 + Level 6.7 Necromancy
 + Level 6.7 Translocations
 + Level 6.7 Transmutations
 + Level 6.7 Fire Magic
 + Level 6.7 Ice Magic
 + Level 6.7 Air Magic
 + Level 6.7 Earth Magic
 + Level 6.7 Poison Magic
 + Level 8.8 Invocations
 + Level 8.1 Evocations


You had 9 spell levels left.
You knew the following spells:

 Your Spells              Type           Power        Failure   Level  Hunger
a - Infusion              Chrm           ####         1%          1    None
b - Song of Slaying       Chrm           #####...     1%          2    None
c - Shroud of Golubria    Chrm/Tloc      #####.....   1%          2    None
d - Regeneration          Chrm/Necr      #####.....   1%          3    None
e - Spectral Weapon       Hex/Chrm       #####...     1%          3    None
f - Gell's Gravitas       Tloc           ####......   1%          3    None
g - Petrify               Tmut/Erth      ####....     5%          4    ###....


Dungeon Overview and Level Annotations

Branches:
Dungeon (1/1)

Altars:
Cheibriados
Dithmenos
Elyvilon
Fedhas
Gozag
Hepliaklqana
Kikubaaqudgha
Makhleb
Nemelex Xobeh
Okawaru
Qazlal
Ru
Sif Muna
Trog
Uskayaw
Vehumet
Wu Jian
Xom
Yredelemnul
Zin
The Shining One
Beogh
Jiyva
Lugonu

Shops:
D *


Innate Abilities, Weirdness & Mutations

Your experience applies equally to all skills.
You have very sharp teeth.
Your uncanny sense of smell can sniff out nearby items.


Message History

The deep elf knight is lightly wounded.
The deep elf knight blocks your attack.
The deep elf knight is lightly wounded.
The deep elf knight points at you and mumbles some strange words.
The shard of ice hits you!
You hit the deep elf knight.
The deep elf knight is moderately wounded.
The deep elf knight casts a spell at you.
The shard of ice hits you!
* * * LOW HITPOINT WARNING * * *
Okay, then.
Blink to where?
Press: ? - help, Dir - move target cursor, f - you
Okay, then.
Okay, then.
As you read the scroll of fear, it crumbles to dust.
You assume a fearsome visage.
The deep elf knight resists with almost no effort.
The deep elf knight hits you with a scimitar!
You die...

▓▓▓▓▓▓▓▓▓▓ ▓▓▓ ▓▓▓▓▓ <.#..'...♣♣♣
♣.############.##. ..#..#.....♣♣
♣.#___#___#__#e#.∩ #'####......♣
♣.#...#__)#._#....
.....#....≈.♣♣♣♣.###'#'###'##....
.....#...≈≈♣♣.♣..#..........#....
.....#..≈≈≈≈.♣...e.)...)..).#....
####'#..≈≈≈≈≈≈♣♣@#...######[#...#
.....#.≈≈≈≈≈)....#.⌠.#__#.))#+###
.....#.≈≈≈≈≈.....#...#__#)))#..≈≈
.....#.≈≈≈.......#)###__#))[#.#≈§
)#####...........#...#__#...+.#§§
.................#___#__'...#.#§§
▓▓▓▓▓▓▓▓▓▓▓▓▓▓▓▓▓▓▓▓▓▓▓▓▓▓▓▓▓▓▓▓▓


You could see a deep elf knight.

Vanquished Creatures
  Erica (D)
  A deep elf knight (D)
  A deep elf mage (D)
  An orc sorcerer (D)
  A shadow (D)
  A spatial vortex (D)
  An orc warrior (D)
  A necrophage (D)
  A water elemental (D)
  Crazy Yiuf (D)
  A jelly (D)
  4 orc priests (D)
  A wizard (D)
  3 orc wizards (D)
  A necromancer (D)
  3 humans (D)
  A kobold demonologist (D)
  An ooze (D)
  9 orcs (D)
  3 rats (D)
37 creatures vanquished.

Vanquished Creatures (others)
  2 draconian scorchers (D)
  6 hellions (D)
  A yaktaur (D)
  A spectral weapon (D)
10 creatures vanquished.

Grand Total: 47 creatures vanquished

Notes
Turn   | Place    | Note
-------+----------+-------------------------------------------
     0 | D        | buskinjo2 the Gnoll Skald began the quest for the Orb.
     0 | D        | Reached XP level 1. HP: 20/20 MP: 6/6
    18 | D        | Reached skill level 5 in Spellcasting
    18 | D        | Reached skill level 1 in Invocations
   100 | D        | Killed a yaktaur
   120 | D        | Killed a hellion
   121 | D        | Killed a hellion
   121 | D        | Killed a hellion
   154 | D        | Killed a hellion
   155 | D        | Killed a hellion
   155 | D        | Killed a hellion
   200 | D        | Killed a white draconian scorcher
   212 | D        | Killed a white draconian scorcher
   221 | D        | Reached skill level 1 in Short Blades
   221 | D        | Reached skill level 1 in Long Blades
   221 | D        | Reached skill level 1 in Axes
   221 | D        | Reached skill level 1 in Polearms
   221 | D        | Reached skill level 1 in Staves
   221 | D        | Reached skill level 1 in Slings
   221 | D        | Reached skill level 1 in Bows
   221 | D        | Reached skill level 1 in Crossbows
   221 | D        | Reached skill level 1 in Throwing
   221 | D        | Reached skill level 1 in Stealth
   221 | D        | Reached skill level 1 in Shields
   221 | D        | Reached skill level 1 in Unarmed Combat
   221 | D        | Reached skill level 1 in Evocations
   225 | D        | Reached XP level 2. HP: 23/26 MP: 8/8
   263 | D        | Noticed Crazy Yiuf
   281 | D        | Killed Crazy Yiuf
   281 | D        | Reached skill level 5 in Fighting
   281 | D        | Reached skill level 5 in Maces & Flails
   281 | D        | Reached skill level 5 in Dodging
   281 | D        | Reached skill level 1 in Conjurations
   281 | D        | Reached skill level 1 in Hexes
   281 | D        | Reached skill level 1 in Summonings
   281 | D        | Reached skill level 1 in Necromancy
   281 | D        | Reached skill level 1 in Translocations
   281 | D        | Reached skill level 1 in Transmutations
   281 | D        | Reached skill level 1 in Fire Magic
   281 | D        | Reached skill level 1 in Ice Magic
   281 | D        | Reached skill level 1 in Air Magic
   281 | D        | Reached skill level 1 in Earth Magic
   281 | D        | Reached skill level 1 in Poison Magic
   281 | D        | Reached XP level 3. HP: 19/33 MP: 3/9
   445 | D        | Learned a level 2 spell: Song of Slaying
   473 | D        | Learned a level 2 spell: Shroud of Golubria
   477 | D        | Learned a level 3 spell: Regeneration
   518 | D        | Learned a level 3 spell: Spectral Weapon
   571 | D        | Noticed a water elemental
   584 | D        | Killed a water elemental
   584 | D        | Reached XP level 4. HP: 23/39 MP: 8/11
   584 | D        | Reached XP level 5. HP: 26/44 MP: 9/13
   867 | D        | Found a radiant altar of Vehumet.
   867 | D        | Found a deep blue altar of Sif Muna.
   867 | D        | Found an ancient bone altar of Kikubaaqudgha.
   873 | D        | Noticed a soul eater
   877 | D        | Noticed a smoke demon
   885 | D        | Noticed an orange demon
   886 | D        | Noticed an ice devil
   982 | D        | Learned a level 3 spell: Gell's Gravitas
   993 | D        | Found a glowing silver altar of Zin.
   993 | D        | Found a glowing golden altar of the Shining One.
   993 | D        | Found a white marble altar of Elyvilon.
   994 | D        | Noticed a deep elf mage
  1002 | D        | Noticed an ice beast
  1005 | D        | Killed a deep elf mage
  1005 | D        | Reached skill level 5 in Short Blades
  1005 | D        | Reached skill level 5 in Long Blades
  1005 | D        | Reached skill level 5 in Axes
  1005 | D        | Reached skill level 5 in Polearms
  1005 | D        | Reached skill level 5 in Staves
  1005 | D        | Reached skill level 5 in Slings
  1005 | D        | Reached skill level 5 in Bows
  1005 | D        | Reached skill level 5 in Crossbows
  1005 | D        | Reached skill level 5 in Throwing
  1005 | D        | Reached skill level 5 in Armour
  1005 | D        | Reached skill level 5 in Stealth
  1005 | D        | Reached skill level 5 in Shields
  1005 | D        | Reached skill level 5 in Unarmed Combat
  1005 | D        | Reached skill level 5 in Invocations
  1005 | D        | Reached skill level 5 in Evocations
  1005 | D        | Reached XP level 6. HP: 51/55 MP: 2/16
  1005 | D        | Reached XP level 7. HP: 56/60 MP: 2/17
  1048 | D        | Found a hide-covered altar of Uskayaw.
  1048 | D        | Found a roughly hewn altar of Beogh.
  1048 | D        | Found an iron altar of Okawaru.
  1048 | D        | Found a bloodstained altar of Trog.
  1048 | D        | Found an ornate altar of the Wu Jian Council.
  1048 | D        | Noticed a human
  1049 | D        | Noticed a human
  1083 | D        | Killed a human
  1091 | D        | Killed a human
  1321 | D        | Found a basalt altar of Yredelemnul.
  1321 | D        | Found a shadowy altar of Dithmenos.
  1321 | D        | Found a sacrificial altar of Ru.
  1328 | D        | Reached skill level 5 in Conjurations
  1328 | D        | Reached skill level 5 in Hexes
  1328 | D        | Reached skill level 5 in Summonings
  1328 | D        | Reached skill level 5 in Necromancy
  1328 | D        | Reached skill level 5 in Translocations
  1328 | D        | Reached skill level 5 in Transmutations
  1328 | D        | Reached skill level 5 in Fire Magic
  1328 | D        | Reached skill level 5 in Ice Magic
  1328 | D        | Reached skill level 5 in Air Magic
  1328 | D        | Reached skill level 5 in Earth Magic
  1328 | D        | Reached skill level 5 in Poison Magic
  1328 | D        | Reached XP level 8. HP: 57/67 MP: 14/19
  1346 | D        | Became a worshipper of Warmaster Okawaru
  1352 | D        | Learned a level 4 spell: Petrify
  1359 | D        | Noticed a shadow
  1377 | D        | Killed a shadow
  1454 | D        | Found a blossoming altar of Fedhas.
  1454 | D        | Found a stormy altar of Qazlal.
  1455 | D        | Found a snail-covered altar of Cheibriados.
  1455 | D        | Found a burning altar of Makhleb.
  1455 | D        | Found a hazy altar of Hepliaklqana.
  1455 | D        | Found a shimmering altar of Xom.
  1455 | D        | Found an opulent altar of Gozag.
  1455 | D        | Found a sparkling altar of Nemelex Xobeh.
  1455 | D        | Found a corrupted altar of Lugonu.
  1455 | D        | Found a viscous altar of Jiyva.
  1486 | D        | Found Gutt's General Store.
  1486 | D        | Noticed an orc sorcerer
  1517 | D        | Noticed Erica
  1528 | D        | Killed Erica
  1528 | D        | Reached * piety under Okawaru
  1528 | D        | Reached XP level 9. HP: 74/74 MP: 13/21
  1560 | D        | Killed an orc sorcerer
  1560 | D        | HP: 3/74 [orc priest/mace (6)]
  1568 | D        | Reached ** piety under Okawaru
  1970 | D        | Bought a scroll of fear for 35 gold pieces
  1970 | D        | Bought a scroll of amnesia for 35 gold pieces
  1970 | D        | Bought a scroll of remove curse for 30 gold pieces
  1970 | D        | Bought a potion of cancellation for 80 gold pieces
  1970 | D        | Bought a potion of resistance for 100 gold pieces
  1976 | D        | Noticed a deep elf knight
  1976 | D        | Noticed a deep elf mage
  1976 | D        | Noticed a deep elf knight
  1976 | D        | Noticed a deep elf mage
  1976 | D        | Noticed a deep elf knight
  1985 | D        | Bought a scroll of identify for 20 gold pieces
  1985 | D        | Bought a scroll of identify for 20 gold pieces
  1985 | D        | Bought a scroll of identify for 20 gold pieces
  2183 | D        | Killed a deep elf knight
  2408 | D        | HP: 3/76 [deep elf knight/shard of ice (26)]
  2409 | D        | Slain by a deep elf knight

Skill      XL: |  1  2  3  4  5  6  7  8  9 |
---------------+----------------------------+-----
Spellcasting   | 5 7 8 9 |  9.5
Invocations    | 1 2 3 5 6 7 8 |  8.8
Short Blades   | 1 2 3 5 6 7 8 |  8.1
Long Blades    | 1 2 3 5 6 7 8 |  8.1
Axes           | 1 2 3 5 6 7 8 |  8.1
Polearms       | 1 2 3 5 6 7 8 |  8.1
Staves         | 1 2 3 5 6 7 8 |  8.1
Slings         | 1 2 3 5 6 7 8 |  8.1
Bows           | 1 2 3 5 6 7 8 |  8.1
Crossbows      | 1 2 3 5 6 7 8 |  8.1
Throwing       | 1 2 3 5 6 7 8 |  8.1
Stealth        | 1 2 3 5 6 7 8 |  8.1
Shields        | 1 2 3 5 6 7 8 |  8.1
Unarmed Combat | 1 2 3 5 6 7 8 |  8.1
Evocations     | 1 2 3 5 6 7 8 |  8.1
Fighting       | 5 7 8 9 |  9.3
Maces & Flails | 5 7 8 9 |  9.3
Armour         | 3 4 5 6 7 8 |  8.5
Dodging        | 5 7 8 9 |  9.3
Conjurations   | 1 2 4 5 6 |  6.7
Hexes          | 1 2 4 5 6 |  6.7
Summonings     | 1 2 4 5 6 |  6.7
Necromancy     | 1 2 4 5 6 |  6.7
Translocations | 1 2 4 5 6 |  6.7
Transmutations | 1 2 4 5 6 |  6.7
Fire Magic     | 1 2 4 5 6 |  6.7
Ice Magic      | 1 2 4 5 6 |  6.7
Air Magic      | 1 2 4 5 6 |  6.7
Earth Magic    | 1 2 4 5 6 |  6.7
Poison Magic   | 1 2 4 5 6 |  6.7
Charms         | 6 7 8 |  8.7

Action                   |  1- 3 |  4- 6 |  7- 9 || total
-------------------------+-------+-------+-------++-------
Melee: Mace              |    46 |    12 |    57 ||   115
       Bite              |     8 |     2 |     4 ||    14
       Quarterstaff      |       |       |    38 ||    38
       Flail             |       |       |    10 ||    10
       Scimitar          |       |       |     5 ||     5
       Punch             |       |       |     1 ||     1
 Cast: Infusion          |     3 |     3 |     7 ||    13
       Spectral Weapon   |     1 |     3 |     3 ||     7
       Regeneration      |       |     2 |     1 ||     3
       Song of Slaying   |       |       |     1 ||     1
Invok: Heroism           |       |       |     2 ||     2
Evoke: Wand              |       |       |     3 ||     3
  Use: Scroll            |       |     5 |     2 ||     7
       Potion            |       |     1 |     4 ||     5
 Stab: Distracted        |       |     1 |       ||     1
       Sleeping          |       |       |     2 ||     2
  Eat: Chunk             |       |       |     4 ||     4
       Ration            |       |       |     1 ||     1
Armor: Leather armour    |     3 |     4 |    17 ||    24
Dodge: Dodged            |    35 |    11 |    92 ||   138
       Rpst.: Scimitar   |       |       |     2 ||     2
